 Dungeon Crawl Stone Soup version 0.31.0-9-g3a7656b989 (webtiles) character file.

Game seed: 16318387323824220184

1669 qw the Nimble (level 8, -3/29 (40) HPs)
             Began as a Spriggan Hunter on Feb 2, 2024.
             Was an Initiate of Okawaru.
             Killed by divine providence
             ... invoked by Jeremiah
              (10 damage)
             ... on level 7 of the Dungeon.
             The game lasted 00:00:31 (5169 turns).

qw the Nimble (Spriggan Hunter)                     Turns: 5169, Time: 00:00:32

HP:   -3/29 (40)    AC:  4    Str:  6 (7)  XL:     8   Next: 69%
MP:   9/9           EV: 29    Int:  9 (10) God:    Okawaru [......]
Gold: 218           SH:  5    Dex: 20 (21) Spells: 7/7 levels left

rFire   . . .        a - +2 shortbow (flame)
rCold   . . .        (shield currently unavailable)
rNeg    + . .        b - +2 robe {rN+}
rPois   .            (helmet restricted)
rElec   .            (no cloak)
rCorr   .            (gloves unavailable)
SInv    +            (boots unavailable)
Will    +....        d - amulet of reflection
Stlth   ++           e - +5 ring of evasion
HPRegen 0.24/turn    (no ring)
MPRegen 0.11/turn

%: reflection
@: very heavily drained, very quick
A: very small, no large weapons, unfitting armour, see invisible, speed 3
a: Renounce Religion


You were on level 7 of the Dungeon.
You worshipped Okawaru.
Okawaru was noncommittal.
You visited 2 branches of the dungeon, and saw 8 of its levels.

You collected 351 gold pieces.
You spent 133 gold pieces at shops.


Innate Abilities, Weirdness & Mutations

You are very small and have problems with some larger weapons.
You are too small for most types of armour.
You have supernaturally acute eyesight. (SInv)
You cover ground extremely quickly. (Speed+++)


   Skills:
 - Level 3.0 Fighting
 + Level 9.1 Ranged Weapons
 - Level 9.1 Dodging
 - Level 1.5 Stealth
 - Level 1.3 Invocations


You had 7 spell levels left.
You didn't know any spells.
Your spell library was empty.

Inventory:

Hand Weapons
 a - a +2 shortbow of flaming (weapon)
Armour
 b - a +2 robe of positive energy (worn)
Jewellery
 d - an amulet of reflection (around neck)
 e - a +5 ring of evasion (left hand)
Scrolls
 f - a scroll of enchant armour
Potions
 c - a potion of resistance
 g - 3 potions of curing
 h - a potion of mutation
 j - a potion of cancellation
 k - a potion of brilliance {unknown}
 l - a potion of enlightenment {unknown}
 m - a potion of might {unknown}

Dungeon Overview and Level Annotations

Branches:
Dungeon (7/15)             Temple (1/1) D:5

Altars:
Dithmenos
Fedhas
Gozag
Hepliaklqana
Kikubaaqudgha
Okawaru
Qazlal
Sif Muna
Uskayaw
Xom
Zin

Shops:
D:5 ?

Annotations:
D:2 1 runed translucent door, Crazy Yiuf
D:7 Jeremiah


Message History

The butterfly disappears in a burst of colours! x3
The butterfly disappears in a burst of colours! x2
Jeremiah asks, "Am I dreaming?
Is this real?"
Jeremiah shouts, "O dreadful one, destroy my foe!"
Something smites you!
The butterfly disappears in a burst of colours! x4
The butterfly disappears in a burst of colours!
The butterfly disappears in a burst of colours!
The butterfly disappears in a burst of colours!
The butterfly disappears in a burst of colours! x2
You block Jeremiah's attack.
The butterfly disappears in a burst of colours! x2
Jeremiah hits you from afar with a +4 trident of draining!
You partially resist.
You feel drained.
You shoot an arrow. The arrow hits Jeremiah.
The arrow burns Jeremiah.
Jeremiah is severely wounded.
The butterfly disappears in a burst of colours! x2
Jeremiah misses you.
The butterfly disappears in a burst of colours!
You block Jeremiah's attack.
The butterfly disappears in a burst of colours!
Jeremiah closely misses you.
The butterfly disappears in a burst of colours!
Jeremiah hops!
The butterfly disappears in a burst of colours! x2
The butterfly disappears in a burst of colours! x4
The butterfly disappears in a burst of colours! x3
Jeremiah zaps a wand.
You resist with almost no effort.
The butterfly disappears in a burst of colours!
The butterfly disappears in a burst of colours! x3
The butterfly disappears in a burst of colours! x2
Jeremiah howls, "Why can't I wake up?"
The butterfly disappears in a burst of colours!
Jeremiah lets out a twisted cry.
Something smites you!
The butterfly disappears in a burst of colours!
Jeremiah lets out a twisted cry.
Something smites you!
You die...
Jeremiah says, "O terrible one, your will is done."

###
###.#######
#.........#
#.......b.#
#....b....#
#.<@.b....#
#..b.b....#
#...=.b...#
#...bb....#
###bbb.b.##
#bFb..##
#..##.#
#..# .#


You could see Jeremiah.

Vanquished Creatures
  Sigmund (D:3)
  A water moccasin (D:4)
  A black bear (D:5)
  A sky beast (D:6)
  A bullfrog (D:6)
  A kobold brigand (D:6)
  A gnoll sergeant (D:6)
  2 scorpions
  3 vampire bats (D:4)
  2 bombardier beetles (D:5)
  4 jellies
  2 orc priests (D:5)
  3 hounds
  Natasha (thrice) (D:3)
  4 iguanas
  Terence (D:3)
  Robin (D:3)
  10 adders
  3 gnolls (D:6)
  A ribbon worm (D:3)
  5 dart slugs
  11 orcs
  4 bat skeletons (D:4)
  3 bat zombies (D:4)
  5 endoplasms
  5 giant cockroaches
  12 goblins
  11 hobgoblins
  4 jackals
  4 quokkas
  8 ball pythons
  3 bats
  3 frilled lizards
  8 kobolds
  3 rats (D:1)
135 creatures vanquished.

Notes
Turn   | Place    | Note
-------+----------+-------------------------------------------
     0 | D:1      | qw the Spriggan Hunter began the quest for the Orb.
     0 | D:1      | Reached XP level 1. HP: 10/10 MP: 2/2
     0 | D:1      | 0 ||| qw: Version: 0.3-a-155-g5e7d8dd
     0 | D:1      | 0 ||| qw: Game counter: 2248
     0 | D:1      | 0 ||| qw: Melee chars always use a shield: true
     0 | D:1      | 0 ||| qw: God list: Okawaru
     0 | D:1      | 0 ||| qw: Allow faded altars: false
     0 | D:1      | 0 ||| qw: Do Orc after clearing Dungeon:15 true
     0 | D:1      | 0 ||| qw: Do second Lair branch before Depths: true
     0 | D:1      | 0 ||| qw: Lair rune preference: random
     0 | D:1      | 0 ||| qw: Goals: Normal
     0 | D:1      | 0 ||| PLANNING D:1-11
    41 | D:1      | Reached skill level 3 in Dodging
   225 | D:1      | Reached XP level 2. HP: 14/14 MP: 3/3
   767 | D:1      | Reached XP level 3. HP: 18/18 MP: 4/4
   823 | D:1      | 823 ||| READING scroll labelled CEOTUNG HUNITZ.
   823 | D:1      | 823 ||| BRANDING +0 shortbow.
   824 | D:1      | 824 ||| READING scroll labelled JACSEETAYM.
   825 | D:1      | 825 ||| READING scroll labelled WUSEEROY OXIMOU.
   825 | D:1      | 825 ||| IDENTIFYING cyan potion
   826 | D:1      | 826 ||| READING scroll labelled ELEJICK KIRGHU.
   827 | D:1      | 827 ||| READING scroll labelled PYCLOU FAAXTI.
   828 | D:1      | 828 ||| DROPPING scroll of butterflies.
   829 | D:1      | 829 ||| DROPPING potion of attraction.
   839 | D:2      | 839 ||| STAIRDANCE
  1131 | D:2      | Reached XP level 4. HP: 22/22 MP: 5/5
  1495 | D:2      | Found a runed translucent door.
  1496 | D:2      | Noticed Crazy Yiuf
  1585 | D:2      | 1585 ||| UPGRADING to +2 robe of positive energy.
  1595 | D:2      | 1595 ||| DROPPING +0 robe.
  1596 | D:2      | 1596 ||| UPGRADING to amulet of reflection.
  1601 | D:2      | 1601 ||| UPGRADING to +5 ring of evasion.
  1602 | D:2      | 1602 ||| READING scroll labelled WEUHYE CYPNOT.
  1758 | D:3      | Noticed Sigmund
  1768 | D:3      | Killed Sigmund
  1769 | D:3      | Reached XP level 5. HP: 12/25 MP: 6/6
  1870 | D:3      | Noticed Robin
  1875 | D:3      | Reached XP level 6. HP: 30/30 MP: 7/7
  1875 | D:3      | Killed Robin
  1906 | D:3      | You fall into a shaft and drop 1 floor!
  1938 | D:4      | Noticed a water moccasin
  1949 | D:4      | Killed a water moccasin
  1950 | D:4      | Reached skill level 3 in Fighting
  2281 | D:4      | 2281 ||| READING scroll of identify.
  2281 | D:4      | 2281 ||| IDENTIFYING silvery potion
  2282 | D:4      | 2282 ||| READING scroll labelled NUVENETUDU.
  2282 | D:4      | 2282 ||| ENCHANTING +0 shortbow of flaming.
  2283 | D:4      | 2283 ||| READING scroll labelled FEXKEO OMEYCUS.
  2283 | D:4      | 2283 ||| ENCHANTING +0 shortbow of flaming.
  2284 | D:4      | 2284 ||| DRINKING 2 lumpy grey potions.
  2285 | D:4      | 2285 ||| DROPPING potion of magic.
  2288 | D:4      | 2288 ||| FLEEEEING.
  2290 | D:4      | 2290 ||| FLEEEEING.
  2292 | D:4      | 2292 ||| FLEEEEING.
  2293 | D:4      | 2293 ||| STAIRDANCE
  2385 | D:3      | Noticed Natasha
  2390 | D:3      | Killed Natasha
  2434 | D:3      | Noticed Terence
  2438 | D:3      | Killed Terence
  2578 | D:3      | Noticed Natasha
  2582 | D:3      | Killed Natasha
  2583 | D:3      | Reached XP level 7. HP: 36/36 MP: 8/8
  2596 | D:3      | Noticed Natasha
  2600 | D:3      | Killed Natasha
  2601 | D:3      | Reached skill level 6 in Ranged Weapons
  2605 | D:3      | 2605 ||| READING scroll labelled AKUARGHU MIETOPS.
  2663 | D:3      | 2663 ||| DRINKING 2 murky clear potions.
  2752 | D:4      | 2752 ||| FLEEEEING.
  2757 | D:4      | 2757 ||| FLEEEEING.
  2758 | D:4      | 2758 ||| FLEEEEING.
  2759 | D:4      | 2759 ||| STAIRDANCE
  2996 | D:4      | 2996 ||| READING scroll of enchant weapon.
  2996 | D:4      | 2996 ||| ENCHANTING +1 shortbow of flaming.
  2999 | D:4      | Found an ancient bone altar of Kikubaaqudgha.
  3078 | D:5      | Entered Level 5 of the Dungeon
  3090 | D:5      | Found Usiatuyp's Magic Scroll Shoppe.
  3098 | D:5      | 3098 ||| SHOPLISTING scroll of acquirement (728 gold, have
                  | 207).
  3098 | D:5      | 3098 ||| BUYING scroll of enchant armour (105 gold).
  3098 | D:5      | Bought a scroll of enchant armour for 105 gold pieces
  3098 | D:5      | 3098 ||| SHOPLISTING scroll of enchant armour (105 gold,
                  | have 102).
  3098 | D:5      | 3098 ||| SHOPLISTING scroll of enchant weapon (105 gold,
                  | have 102).
  3098 | D:5      | 3098 ||| BUYING scroll of identify (28 gold).
  3098 | D:5      | Bought a scroll of identify for 28 gold pieces
  3184 | D:5      | Reached XP level 8. HP: 40/40 MP: 9/9
  3299 | D:5      | Found a staircase to the Ecumenical Temple.
  3300 | D:5      | 3300 ||| PLANNING TEMPLE
  3300 | D:5      | 3300 ||| READING 2 scrolls of identify.
  3300 | D:5      | 3300 ||| IDENTIFYING yellow potion
  3301 | D:5      | 3301 ||| READING scroll of identify.
  3301 | D:5      | 3301 ||| IDENTIFYING purple potion
  3307 | Temple   | Entered the Ecumenical Temple
  3308 | Temple   | 3308 ||| PLANNING OKAWARU WORSHIP
  3317 | Temple   | Became a worshipper of Warmaster Okawaru
  3318 | Temple   | 3318 ||| PLANNING D:1-11
  4015 | D:5      | 4015 ||| DROPPING ring of flight.
  4016 | D:5      | 4016 ||| READING scroll of identify.
  4016 | D:5      | 4016 ||| IDENTIFYING red potion
  4170 | D:6      | Reached skill level 9 in Ranged Weapons
  4177 | D:6      | 4177 ||| RETREEEEATING.
  4188 | D:6      | 4188 ||| FLEEEEING.
  4189 | D:6      | 4189 ||| FLEEEEING.
  4190 | D:6      | 4190 ||| FLEEEEING.
  4191 | D:6      | 4191 ||| FLEEEEING.
  4192 | D:6      | 4192 ||| FLEEEEING.
  4193 | D:6      | 4193 ||| FLEEEEING.
  4194 | D:6      | 4194 ||| FLEEEEING.
  4195 | D:6      | 4195 ||| FLEEEEING.
  4196 | D:6      | 4196 ||| FLEEEEING.
  4197 | D:6      | 4197 ||| FLEEEEING.
  4198 | D:6      | 4198 ||| FLEEEEING.
  4200 | D:6      | 4200 ||| FLEEEEING.
  4201 | D:6      | 4201 ||| FLEEEEING.
  4202 | D:6      | 4202 ||| FLEEEEING.
  4203 | D:6      | 4203 ||| FLEEEEING.
  4204 | D:6      | 4204 ||| FLEEEEING.
  4205 | D:6      | 4205 ||| FLEEEEING.
  4206 | D:6      | 4206 ||| FLEEEEING.
  4208 | D:6      | 4208 ||| FLEEEEING.
  4209 | D:6      | 4209 ||| STAIRDANCE
  4240 | D:5      | 4240 ||| DRINKING 2 coppery potions.
  4241 | D:5      | 4241 ||| DROPPING potion of degeneration.
  4287 | D:6      | Reached * piety under Okawaru
  4288 | D:6      | Reached skill level 9 in Dodging
  4299 | D:6      | Reached skill level 1 in Invocations
  4347 | D:6      | Found a stormy altar of Qazlal.
  4642 | D:7      | Noticed Jeremiah
  4643 | D:7      | 4643 ||| INVOKING Heroism.
  4670 | D:7      | 4670 ||| INVOKING Heroism.
  4674 | D:7      | HP: 9/40 [Jeremiah/+4 trident of draining (14)]
  4675 | D:7      | 4675 ||| DRINKING potion of heal wounds.
  4686 | D:7      | 4686 ||| STAIRDANCE
  4711 | D:7      | 4711 ||| STAIRDANCE
  4771 | D:7      | 4771 ||| STAIRDANCE
  4803 | D:7      | 4803 ||| STAIRDANCE
  4854 | D:7      | 4854 ||| STAIRDANCE
  4958 | D:7      | 4958 ||| STAIRDANCE
  5020 | D:7      | 5020 ||| STAIRDANCE
  5084 | D:7      | 5084 ||| STAIRDANCE
  5117 | D:7      | 5117 ||| STAIRDANCE
  5168 | D:7      | HP: 7/29 [Jeremiah/divine providence (9)]
  5169 | D:7      | Killed from afar by Jeremiah

Levels and vault maps discovered:
D:1:      minmay_arrival_stair_chambers, layout_basic, item_on_display_b
D:2:      layout_loops_ring, minmay_tiny_reverse_x, uniq_crazy_yiuf_cottage
D:3:      layout_basic, guppyfry_early_lair_pool, uniq_sigmund, uniq_robin,
          uniq_natasha, uniq_terence
D:4:      layout_loops_ring, kennysheep_vampire_church
D:5:      layout_gridville, minmay_temple_entry_waves, serial_shops,
          shop_fountains, kennysheep_small_square
D:6:      layout_cave_pools, mainiacjoe_overflow_alcove_4
D:7:      layout_cave_pods, fiery_altar_vehumet, bloody_trog,
          gammafunk_ghost_split, serial_shops, shop, shop, shop, shop,
          nicolae_shop_behind_doors, uniq_jeremiah
Temple:   nicolae_temple_bog_church

Skill      XL: |  1  2  3  4  5  6  7  8 |
---------------+-------------------------+-----
Dodging        | 3 4 7 9 |  9.1
Ranged Weapons | 5 8 9 |  9.1
Fighting       | 3 |  3.0
Invocations    | 1 |  1.3
Stealth        | |  1.5

Action                     |  1- 3 |  4- 6 |  7- 9 || total
---------------------------+-------+-------+-------++-------
   Fire: Shortbow          |   102 |   129 |   233 ||   464
 Invoke: Heroism           |       |       |     2 ||     2
    Use: Scroll            |     5 |     4 |     5 ||    14
         Potion            |       |     1 |     3 ||     4
 Armour: Robe              |    10 |    13 |    47 ||    70
  Dodge: Dodged            |    48 |    53 |   182 ||   283
  Block: Other             |       |    21 |    41 ||    62
         Reflection        |       |     1 |       ||     1

Table legend:
 A = Non-vault XP
 B = Vault XP
 C = Vault XP percentage of total XP
 D = Non-vault monster count
 E = Vault monster count
 F = Vault count percentage of total count
                 A         B        C        D         E       F
            +---------+---------+-------+---------+---------+-------
      Total |    1815 |     570 |  23.9 |     107 |      28 |  20.7
            +---------+---------+-------+---------+---------+-------
        D:1 |      43 |       1 |   2.3 |      24 |       1 |   4.0
        D:2 |      80 |       1 |   1.2 |      16 |       1 |   5.9
        D:3 |      97 |     330 |  77.3 |      14 |      14 |  50.0
        D:4 |     454 |     183 |  28.7 |      20 |      10 |  33.3
        D:5 |     622 |      55 |   8.1 |      19 |       2 |   9.5
        D:6 |     519 |       0 |   0.0 |      14 |       0 |   0.0
            +---------+---------+-------+---------+---------+-------
